 Dungeon Sprint DCSS version 0.27-a0-249-g74f53ef629 (webtiles) character file.

Game seed: 13016095917086115643

17 mhtbhm the Covered (level 2, 0/42 HPs)
             Began as a Minotaur Fighter on Feb 4, 2021.
             Was a Believer of Trog.
             Slain by a wolf (3 damage)
             ... in the Dungeon (Sprint VII: "The Pits").
             The game lasted 00:00:32 (192 turns).

mhtbhm the Covered (Minotaur Fighter)                Turns: 192, Time: 00:00:33

Health: 0/42       AC:  7    Str: 20    XL:     2   Next: 44%
Magic:  1/1        EV:  7    Int:  5    God:    Trog [**....]
Gold:   0          SH:  9    Dex:  9    Spells: 1/1 levels left

rFire    . . .     SeeInvis .   a - +2 hand axe
rCold    . . .     Faith    .   c - +0 kite shield
rNeg     . . .     Spirit   .   b - +0 scale mail
rPois    .         Reflect  .   (helmet restricted)
rElec    .         Harm     .   (no cloak)
rCorr    .         Rampage  .   (no gloves)
Will     .....     NoTele   +   (no boots)
Stlth    ..........             (no amulet)
HPRegen  0.14/turn              (no ring)
MPRegen  0.07/turn              (no ring)

@: berserking (expiring), very quick
A: retaliatory headbutt, horns 2
a: Renounce Religion, Berserk, Trog's Hand


You were in the Dungeon.
You worshipped Trog.
Trog was pleased with you.
You visited 1 branch

Inventory:

Hand Weapons
 a - a +2 hand axe (weapon)
Armour
 b - a +0 scale mail (worn)
 c - a +0 kite shield (worn)
Scrolls
 j - a scroll of blinking
 l - 3 scrolls of remove curse
 m - a scroll of summoning
Potions
 d - a potion of might
 e - a potion of curing
 f - a potion of heal wounds
 g - a potion of haste
 h - 4 potions of magic
 i - 3 potions of berserk rage
 k - 2 potions of invisibility


   Skills:
 + Level 4.5 Fighting
 + Level 3.4 Axes
 + Level 5.1 Armour
 + Level 0.4 Dodging
 + Level 4.7 Shields


You had one spell level left.
You didn't know any spells.
Your spell library was empty.

Dungeon Overview and Level Annotations

Branches:
Dungeon (1/1)

Altars:
Cheibriados
Dithmenos
Elyvilon
Fedhas
Gozag
Hepliaklqana
Makhleb
Nemelex Xobeh
Okawaru
Qazlal
Ru
Sif Muna
Trog
Vehumet
Wu Jian
Xom
Yredelemnul
Zin
The Shining One
Beogh
Jiyva
Lugonu


Innate Abilities, Weirdness & Mutations

You reflexively headbutt those who attack you in melee.
You have a pair of horns on your head.


Message History

You barely miss the wolf.
The wolf is severely wounded.
The wolf bites you.
* * * LOW HITPOINT WARNING * * *
The wolf completely misses you.
You barely miss the wolf.
The wolf is severely wounded.
You block the wolf's attack. x2
You miss the wolf. Your headbutt misses the wolf.
The wolf is severely wounded.
The wolf bites you.
* * * LOW HITPOINT WARNING * * *
Unknown command.
Your scale mail prevents you from hitting the wolf.
Your headbutt misses the wolf.
The wolf is severely wounded.
The wolf bites you.
* * * LOW HITPOINT WARNING * * *
The wolf bites you.
You die...

#.?(.')))'.##......#.
##########.##........
#...........'........
#+#####)#####......#.
#...#.# #........
#...#.# ####'####
#...'.# #.......#
##'#### #.......#
#†@h..# #.......#
#.....# #...<...#
#........##.......#
#........##.......#
###########.......#
#########


You could see a wolf.

Vanquished Creatures
  An ooze (D)
  A leopard gecko (D)
  A bat zombie (D)
  A giant cockroach (D)
  A hobgoblin (D)
  3 jackals (D)
  A kobold (D)
  A ball python (D)
10 creatures vanquished.

Notes
Turn   | Place    | Note
-------+----------+-------------------------------------------
     0 | D        | mhtbhm the Minotaur Fighter began the quest for the Orb.
     0 | D        | Reached XP level 1. HP: 19/19 MP: 0/0
    18 | D        | Reached skill level 4 in Armour
    98 | D        | Found a bloodstained altar of Trog.
    98 | D        | Found a shimmering blue altar of Sif Muna.
    98 | D        | Found a viscous altar of Jiyva.
    98 | D        | Found a hazy altar of Hepliaklqana.
    98 | D        | Found an opulent altar of Gozag.
    99 | D        | Found a glowing golden altar of the Shining One.
    99 | D        | Found a glowing silver altar of Zin.
    99 | D        | Found a basalt altar of Yredelemnul.
    99 | D        | Found a shimmering altar of Xom.
    99 | D        | Found an ornate altar of the Wu Jian Council.
    99 | D        | Found a sacrificial altar of Ru.
    99 | D        | Found a stormy altar of Qazlal.
    99 | D        | Found an iron altar of Okawaru.
    99 | D        | Found a sparkling altar of Nemelex Xobeh.
    99 | D        | Found a burning altar of Makhleb.
    99 | D        | Found a blossoming altar of Fedhas.
    99 | D        | Found a white marble altar of Elyvilon.
    99 | D        | Found a shadowy altar of Dithmenos.
    99 | D        | Found a snail-covered altar of Cheibriados.
   101 | D        | Found a radiant altar of Vehumet.
   101 | D        | Found a corrupted altar of Lugonu.
   101 | D        | Found a roughly hewn altar of Beogh.
   103 | D        | Became a worshipper of Trog the Wrathful
   152 | D        | Reached * piety under Trog
   178 | D        | Noticed a wolf
   182 | D        | Reached XP level 2. HP: 27/27 MP: 1/1
   182 | D        | Reached ** piety under Trog
   184 | D        | Reached skill level 5 in Armour
   192 | D        | Slain by a wolf

Illustrated notes

Levels and vault maps discovered:
D:        pitsprint [storerooms_1, entrance_room_1, metal_vault_2, armoury_1,
          mini_pit_1, grid_room_1, main_hall_1, silver_pit, the_coven_3,
          the_vestibule_1, steel_vault_4, golden_pit, hallway_of_sentries,
          crystal_vault_2, iron_vault_1, final_vault]

Skill      XL: |  1  2 |
---------------+-------+-----
Armour         | 4 5 |  5.1
Fighting       | 4 |  4.5
Shields        | 4 |  4.7
Axes           | 3 |  3.4
Dodging        | |  0.4

Action                   || total
-------------------------++-------
Melee: Hand axe          ||    24
       War axe           ||     8
       Headbutt          ||     3
Invok: Berserk           ||     1
Armor: Scale mail        ||    16
Dodge: Dodged            ||    15
Block: Kite shield       ||    25

Table legend: (Time is in decaauts)
 A = Elapsed time spent in this place.
 B = Non-inter-level travel time spent in this place.
 C = Inter-level travel time spent in this place.
 D = Time resting spent in this place.
 E = Time spent auto-exploring this place.
 F = Levels seen in this place.
 G = Mean time per level.
                   A        B        C        D        E       F      G
               +--------+--------+--------+--------+--------+-----+--------+
         Total |    200 |    200 |      0 |     94 |      0 |   1 |  200.0 |
       Dungeon |    200 |    200 |      0 |     94 |      0 |   1 |  200.0 |
               +--------+--------+--------+--------+--------+-----+--------+

Top non-repeatable levels by time:
       D: 200 daAuts
